APP
OAKLAND (APP) ATHLETICS @ GREAT FALLS VOYAGERS
08/28/2044
 
TOP OF THE 1ST
Oakland (APP) Athletics batting - Pitching for Great Falls Voyagers : RHP Allen Speidel
Pitching: RHP Allen Speidel
Batting: RHB Colin Coleman 0-0: Swinging Strike
0-1: Foul Ball, location: 2F
0-2: Strikes out looking
Batting: RHB Walt Alaniz 0-0: Called Strike
0-1: Foul Ball, location: 2F
0-2: Foul Ball, location: 2F
0-2: Strikes out swinging
Batting: RHB Steve Blackshear 0-0: Called Strike
0-1: Ball
1-1: Swinging Strike
1-2: Strikes out swinging
Top of the 1st over - 0 runs, 0 hits, 0 errors, 0 left on base; Oakland (APP) 0 - Great Falls 0
BOTTOM OF THE 1ST
Great Falls Voyagers batting - Pitching for Oakland (APP) Athletics : RHP Hunter Vanderhyden
Pitching: RHP Hunter Vanderhyden
Batting: RHB Andy Cotton 0-0: Swinging Strike
0-1: Foul Ball, location: 2F
0-2: Ball
1-2: Ball
2-2: Foul Ball, location: 2F
2-2: Foul Ball, location: 2F
2-2: Foul Ball, location: 2F
2-2: Hit by Pitch
Batting: RHB Kasey Bland 0-0: Ball
Andy Cotton steals 2nd base
1-0: Ball
2-0: Swinging Strike
2-1: Foul Ball, location: 2F
2-2: Ball
3-2: Base on Balls
Batting: LHB Josh Pittman 0-0: Ball
1-0: Ball
2-0: Foul Ball, location: 2F
2-1: Ball
3-1: Called Strike
3-2: Foul Ball, location: 2F
3-2: SINGLE (Flyball, 8RS, EV 94.4 MPH)
Andy Cotton to third
Kasey Bland to second
Runner from 3rd tries for Home, throw by CF and OUT! 8-2
Batting: LHB Carlos Ramirez 0-0: Foul Ball, location: 2F
0-1: Ball
Kasey Bland steals 3rd base
1-1: Called Strike
1-2: Foul Ball, location: 2F
1-2: SINGLE (Groundball, 4MD, EV 97.5 MPH)
Kasey Bland scores
Josh Pittman to second
Batting: RHB Josh Newby 0-0: Ball
1-0: Ball
2-0: Swinging Strike
2-1: Ball
3-1: Called Strike
3-2: Fly out, F8 (Flyball, 8LD, EV 83.1 MPH)
Batting: RHB Duncan Collins 0-0: DOUBLE (Flyball, 78D, EV 99.4 MPH)
Josh Pittman scores
Carlos Ramirez to third
Runner from 3rd tries for Home, SAFE, throw by LF to home
Batting: SHB Jose Romo 0-0: Ball
1-0: Fly out, F7 (Flyball, 7S, EV 93.8 MPH)
Bottom of the 1st over - 3 runs, 3 hits, 0 errors, 1 left on base; Oakland (APP) 0 - Great Falls 3
TOP OF THE 2ND
Oakland (APP) Athletics batting - Pitching for Great Falls Voyagers : RHP Allen Speidel
Batting: RHB Matt Black 0-0: Called Strike
0-1: Ball
1-1: Called Strike
1-2: Strikes out swinging
Batting: LHB Augustin Cormier 0-0: Ball
1-0: Called Strike
1-1: Called Strike
1-2: Foul Ball, location: 2F
1-2: Strikes out looking
Batting: RHB Tetsuya Shinoda 0-0: Called Strike
0-1: SINGLE (Groundball, 56D, EV 103.1 MPH)
Batting: RHB Chris Temple 0-0: SINGLE (Groundball, 6MD, EV 114.4 MPH)
Tetsuya Shinoda to second
Batting: LHB Mark Friedmann 0-0: Ball
1-0: Called Strike
1-1: Ball
2-1: Foul Ball, location: 2F
2-2: SINGLE (Flyball, 89S, EV 98.8 MPH)
Tetsuya Shinoda to third
Chris Temple to second
Batting: RHB Tim Anderson 0-0: Ground out 4-3 (Groundball, 4, EV 85.0 MPH)
Top of the 2nd over - 0 runs, 3 hits, 0 errors, 3 left on base; Oakland (APP) 0 - Great Falls 3
BOTTOM OF THE 2ND
Great Falls Voyagers batting - Pitching for Oakland (APP) Athletics : RHP Hunter Vanderhyden
Batting: RHB Billy Grubbs 0-0: Ball
1-0: Ball
2-0: Called Strike
2-1: Swinging Strike
2-2: Ball
3-2: Strikes out swinging
Batting: RHB Tommy Ellington 0-0: Ball
1-0: Ball
2-0: Ball
3-0: Base on Balls
Batting: RHB Andy Cotton 0-0: Ball
1-0: Ball
2-0: Ball
3-0: Base on Balls
Tommy Ellington to second
Batting: RHB Kasey Bland 0-0: Swinging Strike
0-1: Called Strike
0-2: Strikes out looking
Batting: LHB Josh Pittman 0-0: Swinging Strike
0-1: Fielders Choice at 2nd, 5-4 (Groundball, 5, EV 83.8 MPH)
Bottom of the 2nd over - 0 runs, 0 hits, 0 errors, 2 left on base; Oakland (APP) 0 - Great Falls 3
TOP OF THE 3RD
Oakland (APP) Athletics batting - Pitching for Great Falls Voyagers : RHP Allen Speidel
Batting: RHB Colin Coleman 0-0: Ball
1-0: Ball
2-0: SINGLE (Groundball, 56D, EV 95.0 MPH)
Batting: RHB Walt Alaniz 0-0: Fly out, F7 (Flyball, 7, EV 86.9 MPH)
Batting: RHB Steve Blackshear 0-0: Ball
1-0: Called Strike
Colin Coleman steals 2nd base
1-1: Called Strike
1-2: Strikes out looking
Batting: RHB Matt Black 0-0: Called Strike
0-1: Ball
1-1: Foul Ball, location: 2F
1-2: Strikes out looking
Top of the 3rd over - 0 runs, 1 hit, 0 errors, 1 left on base; Oakland (APP) 0 - Great Falls 3
BOTTOM OF THE 3RD
Great Falls Voyagers batting - Pitching for Oakland (APP) Athletics : RHP Hunter Vanderhyden
Batting: LHB Carlos Ramirez 0-0: DOUBLE (Line Drive, 9LM, EV 112.5 MPH) - OUT at third base trying to stretch hit.
Batting: RHB Josh Newby 0-0: Ball
1-0: Foul Ball, location: 2F
1-1: Swinging Strike
1-2: Ball
2-2: Ball
3-2: Base on Balls
Batting: RHB Duncan Collins 0-0: Called Strike
0-1: Foul Ball, location: 2F
0-2: Hit by Pitch
Josh Newby to second
Batting: SHB Jose Romo 0-0: SINGLE (Line Drive, 89S, EV 103.1 MPH)
Josh Newby to third
Duncan Collins to second
Batting: RHB Billy Grubbs 0-0: Called Strike
0-1: Swinging Strike
0-2: Ball
1-2: Strikes out swinging
Batting: RHB Tommy Ellington 0-0: Fielders Choice at 2nd, 6-4 (Groundball, 6, EV 105.0 MPH)
Bottom of the 3rd over - 0 runs, 2 hits, 0 errors, 3 left on base; Oakland (APP) 0 - Great Falls 3
TOP OF THE 4TH
Oakland (APP) Athletics batting - Pitching for Great Falls Voyagers : RHP Allen Speidel
Batting: LHB Augustin Cormier 0-0: Foul Ball, location: 2F
0-1: Swinging Strike
0-2: Strikes out looking
Batting: RHB Tetsuya Shinoda 0-0: Ball
1-0: Ball
2-0: Fly out, F3 (Popup, 3SF, EV 78.8 MPH)
Batting: RHB Chris Temple 0-0: Ball
1-0: Called Strike
1-1: Swinging Strike
1-2: Ball
2-2: Ball
3-2: Strikes out swinging
Top of the 4th over - 0 runs, 0 hits, 0 errors, 0 left on base; Oakland (APP) 0 - Great Falls 3
BOTTOM OF THE 4TH
Great Falls Voyagers batting - Pitching for Oakland (APP) Athletics : RHP Hunter Vanderhyden
Batting: RHB Andy Cotton 0-0: Called Strike
0-1: Ball
1-1: Ball
2-1: Ground out 6-3 (Groundball, 6, EV 80.6 MPH)
Batting: RHB Kasey Bland 0-0: Foul Ball, location: 2F
0-1: Ball
1-1: Called Strike
1-2: Ball
2-2: Strikes out looking
Pitching: LHP David Arnold
Batting: LHB Josh Pittman 0-0: Ball
1-0: Ball
2-0: Ball
3-0: Called Strike
3-1: Base on Balls
Batting: LHB Carlos Ramirez 0-0: Ball
1-0: Swinging Strike
1-1: Foul Ball, location: 2F
1-2: Foul Ball, location: 2F
1-2: Ball
2-2: Foul Ball, location: 2F
2-2: Strikes out swinging
Bottom of the 4th over - 0 runs, 0 hits, 0 errors, 1 left on base; Oakland (APP) 0 - Great Falls 3
TOP OF THE 5TH
Oakland (APP) Athletics batting - Pitching for Great Falls Voyagers : RHP Allen Speidel
Batting: LHB Mark Friedmann 0-0: Called Strike
0-1: Ball
1-1: Ball
2-1: TRIPLE (Flyball, 78XD, EV 91.3 MPH)
Batting: RHB Tim Anderson 0-0: Called Strike
0-1: Called Strike
0-2: Ball
1-2: Ball
2-2: Ball
3-2: Foul Ball, location: 2F
3-2: Strikes out swinging, 2-3 out at first.
Batting: RHB Colin Coleman 0-0: Called Strike
0-1: Swinging Strike
0-2: Ball
1-2: Ground out 1-3 (Groundball, P, EV 63.1 MPH)
Batting: RHB Walt Alaniz 0-0: Called Strike
0-1: Foul Ball, location: 2F
0-2: Foul Ball, location: 2F
0-2: Hit by Pitch
Batting: RHB Steve Blackshear 0-0: Fielders Choice at 2nd, 5-4 (Groundball, 56, EV 100.0 MPH)
Top of the 5th over - 0 runs, 1 hit, 0 errors, 2 left on base; Oakland (APP) 0 - Great Falls 3
BOTTOM OF THE 5TH
Great Falls Voyagers batting - Pitching for Oakland (APP) Athletics : LHP David Arnold
Batting: RHB Josh Newby 0-0: Fly out, F4 (Popup, 34S, EV 75.6 MPH)
Batting: RHB Duncan Collins 0-0: Ball
1-0: SINGLE (Flyball, 4D, EV 90.6 MPH)
Batting: SHB Jose Romo 0-0: Ball
1-0: Fly out, F5 (Flyball, 56D, EV 77.5 MPH)
Batting: RHB Billy Grubbs 0-0: Foul Ball, location: 2F
0-1: Called Strike
0-2: Ball
1-2: Ball
2-2: Fly out, F9 (Flyball, 9D, EV 91.3 MPH)
Bottom of the 5th over - 0 runs, 1 hit, 0 errors, 1 left on base; Oakland (APP) 0 - Great Falls 3
TOP OF THE 6TH
Oakland (APP) Athletics batting - Pitching for Great Falls Voyagers : RHP Allen Speidel
Batting: RHB Matt Black 0-0: Foul Ball, location: 2F
0-1: Called Strike
0-2: Strikes out looking
Batting: LHB Augustin Cormier 0-0: Called Strike
0-1: Foul Ball, location: 2F
0-2: Ball
1-2: DOUBLE (Groundball, 3L, EV 101.9 MPH)
Pitching: LHP Jeremy Soliday
Batting: RHB Tetsuya Shinoda 0-0: Ball
1-0: Called Strike
1-1: Swinging Strike
1-2: Ball
2-2: SINGLE (Groundball, 56D, EV 103.1 MPH)
Augustin Cormier to third
Runner from 3rd tries for Home, throw by LF and OUT! 7-2
Tetsuya Shinoda to second
Batting: RHB Chris Temple 0-0: Called Strike
0-1: Called Strike
0-2: DOUBLE (Line Drive, 7LD, EV 106.3 MPH)
Tetsuya Shinoda scores
Pinch Hitting: RHB Jason Dove 0-0: Ball
1-0: Ball
2-0: Ball
3-0: Base on Balls
Batting: RHB Tim Anderson 0-0: Ball
1-0: Called Strike
1-1: Ball
2-1: Swinging Strike
2-2: Strikes out swinging
Top of the 6th over - 1 run, 3 hits, 0 errors, 2 left on base; Oakland (APP) 1 - Great Falls 3
BOTTOM OF THE 6TH
Great Falls Voyagers batting - Pitching for Oakland (APP) Athletics : LHP David Arnold
Now in CF: Josh Whaley
Batting: RHB Tommy Ellington 0-0: Ball
1-0: Ball
2-0: Ball
3-0: Base on Balls
Batting: RHB Andy Cotton 0-0: Ball
1-0: Called Strike
1-1: Ball
2-1: Ball
3-1: Base on Balls
Tommy Ellington to second
Batting: RHB Kasey Bland 0-0: Ball
1-0: Fielders Choice at 2nd, 6-4 (Groundball, 6, EV 88.1 MPH)
Tommy Ellington to third
Batting: LHB Josh Pittman 0-0: Called Strike
0-1: Ball
1-1: Ball
Wild Pitch!
Tommy Ellington scores
Kasey Bland to second
2-1: Ground out U3 (Groundball, 34, EV 96.9 MPH)
Kasey Bland to third
Batting: LHB Carlos Ramirez 0-0: Ball
1-0: Ball
2-0: Ball
3-0: Called Strike
3-1: Base on Balls
Batting: RHB Josh Newby 0-0: Ball
1-0: Ball
2-0: Ball
Wild Pitch!
Kasey Bland scores
Carlos Ramirez to second
3-0: Called Strike
3-1: Base on Balls
Pitching: RHP A.J. Marston
Batting: RHB Duncan Collins 0-0: Foul Ball, location: 2F
0-1: Called Strike
0-2: Ball
1-2: Ball
Wild Pitch!
Carlos Ramirez to third
Josh Newby to second
2-2: Strikes out swinging
Bottom of the 6th over - 2 runs, 0 hits, 0 errors, 2 left on base; Oakland (APP) 1 - Great Falls 5
TOP OF THE 7TH
Oakland (APP) Athletics batting - Pitching for Great Falls Voyagers : LHP Jeremy Soliday
Pitching: RHP Rick Sacket
Now in LF: Vic Lucatero
Batting: RHB Colin Coleman 0-0: Foul Ball, location: 2F
0-1: SINGLE (Groundball, 56D, EV 106.9 MPH)
Batting: RHB Walt Alaniz 0-0: Ball
1-0: Foul Ball, location: 2F
1-1: Swinging Strike
1-2: Grounds out, U3 (Groundball, 3L, EV 86.9 MPH)
Batting: RHB Steve Blackshear 0-0: Called Strike
0-1: Ball
1-1: Ball
2-1: Foul Ball, location: 2F
2-2: Foul Ball, location: 2F
2-2: Ground out 6-3 (Groundball, 6, EV 86.9 MPH)
Colin Coleman to third
Batting: RHB Matt Black 0-0: Ball
1-0: Ground out 6-3 (Groundball, 6, EV 88.1 MPH)
Top of the 7th over - 0 runs, 1 hit, 0 errors, 1 left on base; Oakland (APP) 1 - Great Falls 5
BOTTOM OF THE 7TH
Great Falls Voyagers batting - Pitching for Oakland (APP) Athletics : RHP A.J. Marston
Batting: SHB Jose Romo 0-0: Ball
1-0: Ground out 1-3 (Groundball, 13, EV 74.4 MPH)
Batting: RHB Billy Grubbs 0-0: Ball
1-0: Fly out, F9 (Flyball, 89M, EV 79.4 MPH)
Batting: RHB Tommy Ellington 0-0: Called Strike
0-1: Ball
1-1: Foul Ball, location: 2F
1-2: Strikes out looking
Bottom of the 7th over - 0 runs, 0 hits, 0 errors, 0 left on base; Oakland (APP) 1 - Great Falls 5
TOP OF THE 8TH
Oakland (APP) Athletics batting - Pitching for Great Falls Voyagers : RHP Rick Sacket
Pitching: LHP Evan Boyd
Batting: LHB Augustin Cormier 0-0: Ball
1-0: Ball
2-0: Ball
3-0: Base on Balls
Batting: RHB Tetsuya Shinoda 0-0: Ball
1-0: Ball
2-0: Grounds into double play, 6-4-3 (Groundball, 6S, EV 80.0 MPH)
Batting: RHB Chris Temple 0-0: Ball
1-0: Swinging Strike
1-1: Swinging Strike
1-2: Strikes out looking
Top of the 8th over - 0 runs, 0 hits, 0 errors, 0 left on base; Oakland (APP) 1 - Great Falls 5
BOTTOM OF THE 8TH
Great Falls Voyagers batting - Pitching for Oakland (APP) Athletics : RHP A.J. Marston
Batting: RHB Andy Cotton 0-0: DOUBLE (Line Drive, 78D, EV 106.9 MPH)
Batting: RHB Kasey Bland 0-0: Foul Ball, location: 2F
0-1: Fly out, F7 (Flyball, 78S, EV 78.8 MPH)
Batting: RHB Vic Lucatero 0-0: Called Strike
0-1: Called Strike
Andy Cotton steals 3rd, throwing error, E2
Andy Cotton scores
0-2: Strikes out swinging
Batting: LHB Carlos Ramirez 0-0: Called Strike
0-1: Swinging Strike
0-2: Ball
1-2: Ball
2-2: Ball
3-2: Base on Balls
Batting: RHB Josh Newby 0-0: Called Strike
0-1: Ball
1-1: Fly out, F9 (Flyball, 89M, EV 79.4 MPH)
Bottom of the 8th over - 1 run, 1 hit, 1 error, 1 left on base; Oakland (APP) 1 - Great Falls 6
TOP OF THE 9TH
Oakland (APP) Athletics batting - Pitching for Great Falls Voyagers : LHP Evan Boyd
Batting: RHB Josh Whaley 0-0: Foul Ball, location: 2F
0-1: Ball
1-1: Swinging Strike
1-2: Foul Ball, location: 2F
1-2: Ground out 6-3 (Groundball, 6M, EV 100.0 MPH)
Batting: RHB Tim Anderson 0-0: Ball
1-0: Fly out, F8 (Flyball, 78XD, EV 96.9 MPH)
Batting: RHB Colin Coleman 0-0: SINGLE (Line Drive, 6D, EV 96.3 MPH)
Batting: RHB Walt Alaniz 0-0: Called Strike
0-1: Called Strike
0-2: Foul Ball, location: 2F
0-2: Strikes out swinging
Top of the 9th over - 0 runs, 1 hit, 0 errors, 1 left on base; Oakland (APP) 1 - Great Falls 6
Thursday, March 31st , 2022 - OOTP Baseball 22.12 Build 89